 Dungeon Crawl Stone Soup version 0.29-a0-823-gc37b1572da (webtiles) character file.

Game seed: 6894888181190157758

289 snarfax the Cudgeller (level 6, 0/84 HPs)
             Began as a Minotaur Abyssal Knight on July 8, 2022.
             Was an Elder of Lugonu.
             Succumbed to a kobold brigand's poison
             ... in a sewer.
             The game lasted 00:11:33 (2982 turns).

snarfax the Cudgeller (Minotaur Abyssal Knight)     Turns: 2982, Time: 00:11:33

Health: 0/84       AC: 23    Str: 17 (20) XL:     6   Next: 9%
Magic:  5/6        EV:  2    Int:  5 (7)  God:    Lugonu [****..]
Gold:   190        SH:  0    Dex:  7 (10) Spells: 5/5 levels left

rFire   . . .      SeeInvis .   a - +2 mace
rCold   . . .      Faith    .   (no shield)
rNeg    . . .      Spirit   .   (body armour currently unavailable)
rPois   +          Reflect  .   (helmet currently unavailable)
rElec   .          Harm     .   (cloak currently unavailable)
rCorr   .          Rampage  .   (gloves currently unavailable)
Will    .....      NoTele   +   (boots currently unavailable)
Stlth   +.........              (no amulet)
HPRegen 0.24/turn               (no ring)
MPRegen 0.10/turn               (no ring)

@: brilliant, lethally poisoned (0 -> -4), tree-form, very slow
A: stationary, stasis, torment immunity, boosted hp, (horns 2), (retaliatory
headbutt)
a: Renounce Religion, Depart the Abyss, Bend Space, Banish, Corrupt


You were in a sewer.
You worshipped Lugonu.
Lugonu was greatly pleased with you.
You were a tree.
You visited 1 branch of the dungeon, and saw 4 of its levels.
You visited the Abyss 1 time.
You also visited: Sewer.

You collected 206 gold pieces.
You spent 16 gold pieces at shops.

Inventory:

Hand Weapons
 a - a +2 mace (weapon)
Missiles
 n - 3 boomerangs (quivered)
 t - 5 poisoned darts
Armour
 c - a +0 scale mail (melded)
 g - a +0 cloak (melded)
Jewellery
 h - an amulet of reflection
Scrolls
 b - 5 scrolls of teleportation
 d - a scroll of poison
 e - 2 scrolls of identify
 f - 2 scrolls of vulnerability
 p - 2 scrolls of immolation {unknown}
Potions
 i - 2 potions of resistance
 m - a potion of cancellation


   Skills:
 + Level 5.0 Fighting
 * Level 5.5 Maces & Flails
 + Level 4.1 Armour
 - Level 1.1 Dodging
 + Level 2.5 Invocations


You had 5 spell levels left.
You didn't know any spells.
Your spell library contained the following spells:

 Spells                   Type           Power      Damage    Failure   Level
 Beastly Appendage        Tmut           0%         N/A       47%         1
 Wereblood                Tmut           0%         N/A       63%         2
 Spider Form              Tmut/Pois      0%         N/A       85%         3
 Petrify                  Tmut/Erth      0%         N/A       99%         4
 Metabolic Englaciation   Hex/Ice        0%         N/A       100%        5
 Statue Form              Tmut/Erth      0%         N/A       100%        6


Dungeon Overview and Level Annotations

Branches:
Dungeon (4/15)              Sewer (1/1)
 Temple: D:4-7

Altars:
Uskayaw

Shops:
D:3 (


Innate Abilities, Weirdness & Mutations

You are a tree.
Your roots penetrate the ground, keeping you stationary.
You cannot be teleported.
You are immune to unholy pain and torment.
Your maximum health is greatly increased.
Your equipment is partially melded.
((You have a pair of horns on your head.))
((You reflexively headbutt those who attack you in melee.))


Message History

Your headbutt misses the kobold brigand.
The kobold brigand is severely wounded.
You feel very sick.
The kobold brigand hits you with a +1 dagger of venom.
You are lethally poisoned!
The jackal barely misses you.
The kobold hits you with a +0 short sword.
* * * LOW HITPOINT WARNING * * *
You aren't in the Abyss!
Space bends violently around you!
You blink.
Splash!
You fall into the shallow water.
Moving in this stuff is going to be slow.
* * * LOW HITPOINT WARNING * * *
You feel very sick.
It was a potion of lignification.
You turn into a tree.
Your +0 cloak melds into your body.
Your +0 scale mail melds into your body.
Your roots penetrate the ground.
* * * LOW HITPOINT WARNING * * *
You feel very sick.
It was a potion of brilliance.
You feel clever all of a sudden.
* * * LOW HITPOINT WARNING * * *
You feel sick.
The jackal bites you but does no damage.
It was a potion of flight.
Your roots keep you in place.
* * * LOW HITPOINT WARNING * * *
You feel sick.
The jackal bites you but does no damage.
It was a potion of degeneration.
There was something very wrong with that liquid.
You feel weakened.
You feel dopey.
You feel clumsy.
* * * LOW HITPOINT WARNING * * *
You feel sick.
The jackal bites you but does no damage.
The kobold brigand hits you but does no damage.
You completely miss the kobold brigand.
The kobold brigand is severely wounded.
You die...

#≈≈≈# #≈≈≈# ##≈≈≈##
#.≈≈≈.# ###.≈≈≈.#
#∩..≈≈≈.# ###.≈≈≈.#
#.≈≈≈.# ##≈≈≈≈♣##
#..≈≈KhK###############
#≈.≈≈≈≈≈≈≈≈≈≈≈≈≈≈≈≈≈≈≈≈
#.≈≈≈).≈###############
#..≈≈≈≈≈# #.≈≈≈≈≈≈#
#.≈≈≈≈≈≈# #≈≈≈≈≈≈≈#
#.≈≈≈≈≈≈#


You could see a kobold brigand, a jackal and a kobold.

Vanquished Creatures
  A kobold brigand (Sewer)
  Jessica (D:3)
  Natasha (D:2)
  3 adders
  4 river rats
  6 worms
  3 dart slugs
  6 orcs (D:3)
  10 bats
  12 endoplasms
  A giant cockroach (D:2)
  3 goblins
  5 hobgoblins
  A jackal (Sewer)
  12 kobolds
  A quokka (D:4)
  4 ball pythons
  A frilled lizard (D:3)
  9 rats
84 creatures vanquished.

Notes
Turn   | Place    | Note
-------+----------+-------------------------------------------
     0 | Abyss:1  | snarfax the Minotaur Abyssal Knight began the quest for the
                  | Orb.
     0 | Abyss:1  | Reached XP level 1. HP: 19/19 MP: 1/1
     0 | Abyss:1  | Found a bloodstained altar of Trog.
    43 | Abyss:1  | Noticed a pearl dragon
    49 | Abyss:1  | Noticed a starcursed mass
    50 | D:1      | Escaped the Abyss
   242 | D:1      | Reached XP level 2. HP: 17/27 MP: 2/2
   902 | D:2      | Reached XP level 3. HP: 33/33 MP: 3/3
  1165 | D:2      | Noticed Natasha
  1177 | D:2      | Killed Natasha
  1178 | D:2      | Reached XP level 4. HP: 28/41 MP: 4/4
  1344 | D:2      | Found a faded altar of an unknown god.
  1350 | D:2      | Reached *** piety under Lugonu
  1515 | D:3      | Found Uchyaloa's Weapon Boutique.
  1522 | D:3      | Bought 3 boomerangs for 16 gold pieces
  1963 | D:3      | Noticed Jessica
  1971 | D:3      | Killed Jessica
  1972 | D:3      | Reached XP level 5. HP: 24/47 MP: 5/5
  2174 | D:3      | Found a hide-covered altar of Uskayaw.
  2775 | D:4      | Reached skill level 5 in Maces & Flails
  2804 | D:4      | Reached **** piety under Lugonu
  2812 | D:4      | Found a glowing drain.
  2823 | Sewer    | Entered a sewer
  2970 | Sewer    | Reached skill level 5 in Fighting
  2970 | Sewer    | Reached XP level 6. HP: 52/56 MP: 6/6
  2980 | Sewer    | HP: 4/84 [poisoned by a kobold brigand]
  2982 | Sewer    | Succumbed to a kobold brigand's poison

Illustrated notes

Levels and vault maps discovered:
D:1:      nzn_arrival_water_spiral, layout_loops_ring
D:2:      layout_rooms, hellmonk_ecumenical_altar_heavens_door,
          nicolae_underground_beach, uniq_natasha
D:3:      minmay_evil_eye, layout_basic, mainiacjoe_overflow_alcove_2,
          serial_shops, nicolae_shop_bloodbath_and_beyond, grunt_ministairs_4,
          uniq_jessica
D:4:      layout_basic, nemelex_spade_bored_becter, kennysheep_mini_moat,
          lightli_sewer_entry_pipes
Sewer:    sewer_kobolds

Skill      XL: |  1  2  3  4  5 |
---------------+----------------+-----
Maces & Flails | 3 4 5 |  5.5
Fighting       | 4 5 |  5.0
Armour         | 3 4 |  4.1
Invocations    | 2 |  2.5
Dodging        | |  1.1

Action                   |  1- 3 |  4- 6 || total
-------------------------+-------+-------++-------
Melee: Mace              |    63 |   131 ||   194
       Headbutt          |    14 |    20 ||    34
       Punch             |     3 |     1 ||     4
Invok: Depart the Abyss  |     1 |       ||     1
       Bend Space        |       |     1 ||     1
  Use: Scroll            |     4 |     5 ||     9
       Potion            |       |     4 ||     4
Armor: Scale mail        |    30 |    60 ||    90
       Skin              |       |     4 ||     4
Dodge: Dodged            |    38 |    61 ||    99

Table legend: (Time is in decaauts)
 A = Elapsed time spent in this place.
 B = Non-inter-level travel time spent in this place.
 C = Inter-level travel time spent in this place.
 D = Time resting spent in this place.
 E = Time spent auto-exploring this place.
 F = Levels seen in this place.
 G = Mean time per level.
                   A        B        C        D        E       F      G
               +--------+--------+--------+--------+--------+-----+--------+
         Total |   3053 |   2934 |    119 |     63 |   2246 |   6 |  508.8 |
       Dungeon |   2824 |   2705 |    119 |     63 |   2069 |   4 |  706.0 |
         Abyss |     50 |     50 |      0 |      0 |     44 |   1 |   50.0 |
         Sewer |    179 |    179 |      0 |      0 |    133 |   1 |  179.0 |
               +--------+--------+--------+--------+--------+-----+--------+

Top non-repeatable levels by time:
     D:3: 1195 daAuts
     D:1: 841 daAuts
     D:2: 638 daAuts
   Sewer: 179 daAuts
     D:4: 149 daAuts
 Abyss:1: 50 daAuts
